 Dungeon Crawl Stone Soup version 0.22.1-5-g62c59d919a (webtiles) character file.

344 Riddle the Sneak (level 6, -5/40 HPs)
             Began as a Kobold Monk on Jan 12, 2019.
             Slain by Prince Ribbit (10 damage)
             ... on level 5 of the Dungeon.
             The game lasted 00:08:44 (4870 turns).

Riddle the Sneak (Kobold Monk)                      Turns: 4870, Time: 00:08:49

Health: -5/40      AC:  3    Str:  8    XL:     6   Next: 89%
Magic:  6/6        EV: 18    Int: 11    God:
Gold:   155        SH:  0    Dex: 20    Spells: 5/5 levels left

rFire    + . .     SeeInvis .   q - +0 long sword
rCold    + . .     Gourm    .   (shield restricted)
rNeg     . . .     Faith    .   b - +0 robe
rPois    .         Spirit   .   f - +0 helmet
rElec    .         Reflect  .   d - scarf {rC+ rF+}
rCorr    .         Harm     .   (no gloves)
MR       .....                  (no boots)
Stlth    +++.......             (no amulet)
HPRegen  0.13/turn              (no ring)
MPRegen  0.10/turn              (no ring)

@: no status effects
A: small, carnivore
a: no special abilities


You were on level 5 of the Dungeon.
You were very full.

You visited 1 branch of the dungeon, and saw 5 of its levels.

You collected 197 gold pieces.
You spent 42 gold pieces at shops.

Inventory:

Hand Weapons
 q - a +0 long sword (weapon)
Armour
 b - a +0 robe (worn)
 d - a scarf of resistance (worn)
 f - a +0 helmet (worn)
Scrolls
 e - a scroll of remove curse {unknown}
 g - a scroll of immolation {unknown}
 k - a scroll of enchant armour {unknown}
 l - 4 scrolls of identify {unknown}
 m - 8 scrolls of amnesia {unknown}
 n - 5 scrolls of teleportation {unknown}
Potions
 a - a potion of agility {unknown}
 h - a potion of might {unknown}
 i - 2 potions of curing
 j - a potion of degeneration {unknown}
 o - a potion of haste {unknown}
 p - a potion of lignification {unknown}
Comestibles
 c - 13 rations


   Skills:
 + Level 4.8 Fighting
 + Level 3.5 Long Blades
 + Level 5.2 Dodging
 + Level 5.5 Stealth


You had 5 spell levels left.
You didn't know any spells.
Your spell library was empty.

Dungeon Overview and Level Annotations

Branches:
Dungeon (5/15)
 Temple: D:4-7

Altars:
Cheibriados
Makhleb
Sif Muna

Shops:
D:4 (

Annotations:
D:5 Prince Ribbit


Innate Abilities, Weirdness & Mutations

You are small and have problems with some larger weapons.
You are carnivorous and can eat meat at any time.


Message History

An orc comes into view.
There are monsters nearby!
There are monsters nearby!
You barely miss Prince Ribbit.
Prince Ribbit croaks regally.
Prince Ribbit blinks!
Prince Ribbit catches a moth with his tongue.
A crimson imp comes into view.
There is a stone staircase leading up here.
The orc shouts!
You slash Prince Ribbit!
Prince Ribbit is moderately wounded.
Prince Ribbit closely misses you. Prince Ribbit hits you!
You hit Prince Ribbit.
Prince Ribbit is moderately wounded.
Prince Ribbit catches a moth with his tongue.
Prince Ribbit hits you!!
* * * LOW HITPOINT WARNING * * *
Prince Ribbit hits you!
You die...

#. ##. ... ...
#.## o.. ###
#.#####@##
#.o.5.F..#
#.#####.## ...
#.##### ####
#.....# #..####
#######..######.
#............[..
#.######.###.⌠..


You could see Prince Ribbit, a crimson imp and an orc.

Vanquished Creatures
  A scorpion (D:4)
  A howler monkey (D:4)
  A hound (D:4)
  A worker ant (D:4)
  A hound zombie (D:4)
  2 hound skeletons (D:4)
  3 adders
  A gnoll (D:1)
  An ooze (D:4)
  An adder skeleton (D:4)
  3 dart slugs
  2 worms (D:3)
  2 leopard geckos
  12 orcs
  2 giant cockroaches
  8 goblins
  15 hobgoblins
  5 jackals
  11 kobolds
  3 quokkas
  A ball python (D:2)
  5 bats
  2 frilled lizards
  A quokka skeleton (D:4)
  11 rats
96 creatures vanquished.

Notes
Turn   | Place    | Note
-------+----------+-------------------------------------------
     0 | D:1      | Riddle the Kobold Monk began the quest for the Orb.
     0 | D:1      | Reached XP level 1. HP: 14/14 MP: 1/1
   230 | D:1      | Reached XP level 2. HP: 18/19 MP: 2/2
  1000 | D:1      | Reached XP level 3. HP: 21/23 MP: 3/3
  1540 | D:2      | Reached XP level 4. HP: 29/29 MP: 4/4
  2387 | D:3      | Found a deep blue altar of Sif Muna.
  2541 | D:3      | Reached XP level 5. HP: 24/33 MP: 5/5
  3315 | D:3      | Found a snail-covered altar of Cheibriados.
  3814 | D:4      | Found Zeabroa's Weapon Shop.
  3817 | D:4      | Bought a +0 long sword for 42 gold pieces
  3882 | D:4      | Reached XP level 6. HP: 35/39 MP: 6/6
  3895 | D:4      | Reached skill level 5 in Stealth
  3905 | D:4      | Reached skill level 5 in Dodging
  4762 | D:4      | Found a burning altar of Makhleb.
  4837 | D:5      | Entered Level 5 of the Dungeon
  4862 | D:5      | Noticed Prince Ribbit
  4870 | D:5      | Slain by Prince Ribbit

Skill      XL: |  1  2  3  4  5  6 |
---------------+-------------------+-----
Stealth        | 3 4 5 |  5.5
Dodging        | 4 5 |  5.2
Fighting       | 4 |  4.8
Long Blades    | 3 |  3.5

Action                   |  1- 3 |  4- 6 || total
-------------------------+-------+-------++-------
Melee: Falchion          |    75 |   217 ||   292
       Long sword        |       |    81 ||    81
  Use: Potion            |       |     1 ||     1
 Stab: Sleeping          |     2 |     7 ||     9
       Distracted        |       |     1 ||     1
  Eat: Chunk             |     9 |    12 ||    21
Armor: Robe              |     9 |    39 ||    48
Dodge: Dodged            |    83 |   294 ||   377
       Rpst.: Falchion   |    29 |    67 ||    96
       Long sword        |       |    25 ||    25
